 Dungeon Crawl Stone Soup version 0.31-a0-986-g5e6e4ef867 (webtiles) character file.

Game seed: 5811961400425773767

6765 pokeman the Thaumaturge (level 10, 0/56 HPs)
             Began as a Deep Elf Hedge Wizard on Nov 11, 2023.
             Was a Priest of Vehumet.
             Shot with an arrow by an orc warrior (4 damage)
             ... on level 11 of the Dungeon.
             The game lasted 00:20:33 (11087 turns).

pokeman the Thaumaturge (Deep Elf Hedge Wizard)    Turns: 11087, Time: 00:20:34

Health: 0/56       AC:  6    Str:  7    XL:     10   Next: 75%
Magic:  15/30      EV: 12    Int: 33    God:    Vehumet [***...]
Gold:   1022       SH:  0    Dex: 14    Spells: 28/37 levels left

rFire   . . .        Q - +8 quarterstaff of Yreti {flame, Int+3}
rCold   . . .        (shield currently unavailable)
rNeg    + . .        r - +2 leather armour {rN+}
rPois   .            c - +0 hat
rElec   .            (no cloak)
rCorr   .            (no gloves)
SInv    +            D - +0 pair of boots
Will    +....        (no amulet)
Stlth   +            b - ring of see invisible
HPRegen 0.29/turn    F - +6 ring of intelligence
MPRegen 0.22/turn

%: no passive effects
@: on blink cooldown, very slow
A: no striking features
a: Renounce Religion


You were on level 11 of the Dungeon.
You worshipped Vehumet.
Vehumet was most pleased with you.
You visited 2 branches of the dungeon, and saw 12 of its levels.
You also visited: Bailey.

You collected 1022 gold pieces.

Inventory:

Hand Weapons
 j - the +5 quarterstaff of Ygugh {vamp, rC+++ rCorr Str-2}
   (You took it off an orc on level 3 of the Dungeon)

   Str-2:     It affects your strength (-2).
   rC+++:     It renders you almost immune to cold.
   rCorr:     It protects you from acid and corrosion.
 q - the +1 spear "Etomm" {venom, Int+4}
   (You found it on level 3 of the Dungeon)

   Int+4:     It affects your intelligence (+4).
 J - a +1 whip of pain
 Q - the +8 quarterstaff of Yreti (weapon) {flame, Int+3}
   (You found it on level 9 of the Dungeon)

   Int+3:     It affects your intelligence (+3).
Missiles
 n - 2 throwing nets
 B - 3 curare-tipped darts
Armour
 c - a +0 hat (worn)
 r - a +2 leather armour of positive energy (worn)
 D - a +0 pair of boots (worn)
Magical Staves
 u - a staff of fire
Jewellery
 b - a ring of see invisible (left hand)
 F - a +6 ring of intelligence (right hand)
Wands
 v - a wand of roots (6)
 y - a wand of mindburst (21)
 C - a wand of light (13)
 L - a wand of paralysis (2)
 R - a wand of flame (9)
Scrolls
 f - 2 scrolls of poison {unknown}
 g - 7 scrolls of teleportation {unknown}
 h - 17 scrolls of identify {unknown}
 i - 3 scrolls of revelation {unknown}
 k - 3 scrolls of noise {unknown}
 s - 4 scrolls of torment {unknown}
 w - 2 scrolls of enchant weapon {unknown}
 x - a scroll of blinking {unknown}
 z - 3 scrolls of amnesia {unknown}
 A - a scroll of summoning {unknown}
 H - a scroll of enchant armour {unknown}
 I - a scroll of fog {unknown}
 M - a scroll of vulnerability {unknown}
 N - 2 scrolls of fear {unknown}
 S - 2 scrolls of immolation {unknown}
Potions
 a - 4 potions of might {unknown}
 d - 4 potions of magic
 e - 2 potions of degeneration {unknown}
 l - 5 potions of mutation {unknown}
 m - a potion of experience {unknown}
 o - 4 potions of lignification {unknown}
 p - a potion of heal wounds {unknown}
 t - 6 potions of brilliance {unknown}
 E - 7 potions of enlightenment
 G - a potion of invisibility {unknown}
 K - 2 potions of attraction {unknown}
 O - a potion of ambrosia {unknown}
 P - a potion of haste {unknown}


   Skills:
 + Level 3.7 Fighting
 - Level 4.2 Armour
 - Level 3.2 Dodging
 - Level 3.3 Stealth
 * Level 14.0 Spellcasting
 + Level 8.1 Conjurations
 - Level 1.1 Summonings
 - Level 1.1 Necromancy
 - Level 1.1 Translocations
 + Level 7.3 Fire Magic
 - Level 1.1 Air Magic
 - Level 1.0 Poison Magic
 - Level 1.0 Evocations


You had 28 spell levels left.
You knew the following spells:

 Your Spells              Type           Power      Damage    Failure   Level
a - Magic Dart            Conj           100%       1d8       1%          1
b - Mephitic Cloud        Conj/Pois/Air  45%        N/A       1%          3
c - Call Imp              Summ           60%        N/A       2%          2
d - Blink                 Tloc           60%        N/A       2%          2
e - Foxfire               Conj/Fire      100%       2x1d9     1%          1

Your spell library contained the following spells:

 Spells                   Type           Power      Damage    Failure   Level
 Sticky Flame             Conj/Fire      65%        2d8       1%          4
 Necrotise                Necr           100%       1d9       1%          1
 Momentum Strike          Conj/Tloc      100%       3d10      1%          2
 Dazzling Flash           Conj/Hex       100%       N/A       1%          3
 Hailstorm                Conj/Ice       50%        3d11      1%          3
 Slow                     Hex            92%        N/A       2%          1
 Cigotuvi's Dreadful Rot  Necr/Pois/Air  60%        N/A       2%          2
 Lesser Beckoning         Tloc           60%        N/A       2%          2
 Gell's Gravitas          Tloc           30%        N/A       5%          3
 Teleport Other           Tloc           30%        N/A       5%          3
 Agony                    Necr           30%        N/A       43%         5
 Silence                  Hex/Air        13%        N/A       52%         5
 Dispersal                Tloc           15%        N/A       95%         6


Dungeon Overview and Level Annotations

Branches:
Dungeon (11/15)            Temple (1/1) D:4            Lair (0/5) D:9
 Bailey (visited)
    Orc: D:9-12

Altars:
Ashenzari
Cheibriados
Dithmenos
Elyvilon
Fedhas
Gozag
Hepliaklqana
Kikubaaqudgha
Makhleb
Nemelex Xobeh
Okawaru
Qazlal
Ru
Sif Muna
Trog
Uskayaw
Vehumet
Wu Jian
Xom
Yredelemnul
Zin
The Shining One

Shops:
D:5 (

Annotations:
D:9 Scrolls behind grate


Message History

The orc warrior closely misses you. The orc priest hits you with a +0 club.
The orc warrior hits you with a +0 halberd!
The orc priest hits you with a +0 club.
Unknown command.
Casting: Foxfire (safe; 1% risk of failure)
Confirm with . or Enter, or press ? or * to list all spells.
You conjure some foxfire!
The orc warrior closely misses you.
The orc priest hits you but does no damage.
You hit the orc warrior. You burn the orc warrior.
The orc warrior is severely wounded.
The foxfire hits the orc warrior but does no damage.
The orc warrior is severely wounded.
The foxfire hits the orc priest.
The orc priest is almost dead.
The orc warrior hits you with a +0 halberd!
* * * LOW HITPOINT WARNING * * *
The orc priest hits you but does no damage.
Unknown command.
Casting: Foxfire (safe; 1% risk of failure)
Confirm with . or Enter, or press ? or * to list all spells.
You blink.
Splash!
You fall into the shallow water.
Moving in this stuff is going to be slow.
The orc warrior unwields a +0 halberd.
The orc warrior wields a +0 orcbow.
The orc warrior shoots an arrow.
The arrow hits you!
* * * LOW HITPOINT WARNING * * *
Casting: Blink (safe; 2% risk of failure)
Confirm with . or Enter, or press ? or * to list all spells.
Aiming: Mephitic Cloud (safe; 1% risk of failure)
Press: ? - help, Shift-Dir - straight line, f/p - orc warrior
Aim: an orc warrior, wielding a +0 orcbow and wearing a +0 chain mail (severely wounded, chance to affect: 81%)
The ball explodes into a vile cloud!
The stinking cloud engulfs the orc priest but does no damage.
The orc priest is almost dead.
You hear a shout!
The orc priest is engulfed in noxious fumes.
The orc priest appears confused.
The orc warrior shoots an arrow.
The arrow hits you.
You die...

..##.######..##
≈.~................
~~P~~.~~...~~.~~...
≈≈≈~P~P.~≈P≈~~~~P~.
≈≈≈≈~~~≈≈≈≈≈≈≈≈~~PP
~≈≈≈≈~~~~~≈≈≈≈≈≈≈≈≈
P~~≈~..~§☼☼~~P≈≈≈≈≈
..~.~..o§§~@~...~~~
.......§○○o).......
.######.########.#.
#.# #.# #.# #.# ###


You could see an orc warrior and an orc priest (confused).

Vanquished Creatures
  A two-headed ogre (D:9)
  Pikel (D:9)
  A troll (D:9)
  2 shadows
  A wraith (D:10)
  A wyvern (D:9)
  3 yaks
  A steam dragon (D:9)
  2 acid dragons
  2 black bears
  2 ice beasts
  2 sky beasts (D:7)
  15 orc warriors
  4 centaurs
  4 lemures (D:9)
  A phantom (D:7)
  3 kobold brigands
  2 bullfrogs
  11 killer bees
  An electric eel (D:11)
  6 howler monkeys
  2 hounds (D:5)
  5 orc priests
  3 iguanas
  A gnoll bouda (D:9)
  A sleepcap (D:8)
  6 orc wizards
  8 gnolls
  3 adders
  A shadow imp (D:6)
  2 ufetubi (D:7)
  3 worms
  4 dart slugs
  26 orcs
  An endoplasm (D:3)
  A giant cockroach (D:1)
  9 goblins
  6 hobgoblins
  11 jackals
  36 kobolds
  4 quokkas
  2 ball pythons
  2 bats
  5 rats
  A spectral hobgoblin (D:1)
  A foxfire (D:9)
210 creatures vanquished.

Vanquished Creatures (collateral kills)
  A sleepcap (D:6)
  An orc (D:6)
2 creatures vanquished.

Vanquished Creatures (others)
  497 foxfires
497 creatures vanquished.

Grand Total: 709 creatures vanquished

Notes
Turn   | Place    | Note
-------+----------+-------------------------------------------
     0 | D:1      | pokeman the Deep Elf Hedge Wizard began the quest for the
                  | Orb.
     0 | D:1      | Reached XP level 1. HP: 10/10 MP: 7/7
   391 | D:1      | Found a faded altar of an unknown god.
   541 | D:1      | Reached XP level 2. HP: 16/16 MP: 0/9
  1254 | D:2      | Reached skill level 5 in Spellcasting
  1475 | D:2      | You fall into a shaft and drop 1 floor!
  1509 | D:3      | Reached XP level 3. HP: 20/20 MP: 2/11
  1513 | D:3      | Learned a level 3 spell: Mephitic Cloud
  1516 | D:3      | Learned a level 2 spell: Call Imp
  1519 | D:3      | Learned a level 2 spell: Blink
  2063 | D:3      | Reached skill level 1 in Armour
  2084 | D:3      | Identified the +1 spear "Etomm" {venom, Int+4}
  2149 | D:3      | Reached skill level 1 in Fighting
  2241 | D:3      | Found a burning altar of Makhleb.
  2342 | D:3      | Identified the +5 quarterstaff of Ygugh {vamp, rC+++ rCorr
                  | Str-2}
  2600 | D:3      | Reached XP level 4. HP: 25/25 MP: 9/13
  3222 | D:4      | Found a staircase to the Ecumenical Temple.
  3248 | Temple   | Entered the Ecumenical Temple
  3418 | D:4      | Found an ornate altar of the Wu Jian Council.
  3418 | D:4      | Found a hazy altar of Hepliaklqana.
  3426 | D:4      | Found a stormy altar of Qazlal.
  3428 | D:4      | Found a basalt altar of Yredelemnul.
  3430 | D:4      | Found a bloodstained altar of Trog.
  4078 | D:5      | Identified the "Hisuliof"
  4078 | D:5      | Entered Level 5 of the Dungeon
  4100 | D:5      | Noticed an ice beast
  4121 | D:5      | Killed an ice beast
  4122 | D:5      | Reached skill level 6 in Spellcasting
  4122 | D:5      | Reached XP level 5. HP: 28/29 MP: 11/15
  4155 | D:5      | Found an ancient bone altar of Kikubaaqudgha.
  4231 | D:5      | Found a shimmering blue altar of Sif Muna.
  4232 | D:5      | Found a radiant altar of Vehumet.
  4245 | D:5      | Became a worshipper of Vehumet
  4254 | D:5      | Found Gesmun's Weapon Emporium.
  4465 | D:5      | Reached skill level 1 in Fire Magic
  4465 | D:5      | Reached skill level 1 in Poison Magic
  4465 | D:5      | Reached skill level 1 in Evocations
  4465 | D:5      | Reached XP level 6. HP: 11/34 MP: 5/17
  4607 | D:5      | Found a shimmering altar of Xom.
  4649 | D:5      | Reached skill level 1 in Air Magic
  4701 | D:5      | Reached skill level 7 in Spellcasting
  4837 | D:5      | Found an iron altar of Okawaru.
  5221 | D:6      | Noticed an ice beast
  5239 | D:6      | Killed an ice beast
  5240 | D:6      | Reached XP level 7. HP: 19/38 MP: 7/20
  5499 | D:6      | Found a white marble altar of Elyvilon.
  5500 | D:6      | Found a hide-covered altar of Uskayaw.
  5516 | D:6      | Reached skill level 8 in Spellcasting
  6402 | D:7      | Reached * piety under Vehumet
  6402 | D:7      | Offered knowledge of Foxfire by Vehumet.
  6406 | D:7      | Reached XP level 8. HP: 27/45 MP: 14/22
  6422 | D:7      | Learned a level 1 spell: Foxfire
  6442 | D:7      | Reached skill level 9 in Spellcasting
  6467 | D:7      | Found a broken altar of Ashenzari.
  6642 | D:7      | Found a blossoming altar of Fedhas.
  6814 | D:7      | Reached skill level 5 in Conjurations
  6814 | D:7      | Reached skill level 1 in Necromancy
  7117 | D:8      | Found a sparkling altar of Nemelex Xobeh.
  7135 | D:8      | Found Pyifapestri's Weapon Emporium.
  7150 | D:8      | Reached skill level 10 in Spellcasting
  7152 | D:8      | Found a flagged portal.
  7169 | D:8      | Reached ** piety under Vehumet
  7169 | D:8      | Offered knowledge of Shock by Vehumet.
  7184 | Bailey   | Entered a bailey
  7373 | Bailey   | Reached XP level 9. HP: 50/50 MP: 11/25
  7724 | Bailey   | Reached skill level 11 in Spellcasting
  7724 | Bailey   | Reached skill level 5 in Fire Magic
  8237 | D:8      | Offered knowledge of Static Discharge by Vehumet.
  8470 | D:8      | Found a snail-covered altar of Cheibriados.
  8611 | D:8      | Found an opulent altar of Gozag.
  8887 | D:9      | Reached skill level 12 in Spellcasting
  8904 | D:9      | Reached *** piety under Vehumet
  9083 | D:9      | Noticed Pikel
  9107 | D:9      | Killed Pikel
  9108 | D:9      | Reached XP level 10. HP: 46/56 MP: 18/28
  9196 | D:9      | Noticed a two-headed ogre
  9226 | D:9      | Killed a two-headed ogre
  9227 | D:9      | Reached skill level 13 in Spellcasting
  9455 | D:9      | Found a staircase to the Lair.
  9479 | D:9      | Offered knowledge of Sticky Flame by Vehumet.
  9609 | D:9      | Found a glowing silver altar of Zin.
 10047 | D:9      | Identified the +8 quarterstaff of Yreti {flame, Int+3}
 10211 | D:10     | Identified the of Wielif
 10211 | D:10     | Entered Level 10 of the Dungeon
 10223 | D:10     | Found a glowing golden altar of the Shining One.
 10390 | D:10     | Identified the +2 hand axe of Fee Simple {freeze, Str+3}
 10679 | D:10     | Found a shadowy altar of Dithmenos.
 10791 | D:10     | Reached skill level 14 in Spellcasting
 11087 | D:11     | Shot with an arrow by an orc warrior

Illustrated notes

Levels and vault maps discovered:
D:1:      dpeg_arrival_simpleton_c, layout_basic,
          dreamdust_ecumenical_altar_drowned_temple
D:2:      layout_loops_cross
D:3:      layout_basic, mainiacjoe_overflow_small_starburst
D:4:      layout_loops_ring, chequers_temple_overflow_minitemple,
          minmay_temple_entry_crystal_x
D:5:      cheibrodos_thug_alley, layout_basic,
          grunt_temple_overflow_magic_moments,
          mainiacjoe_overflow_surrounded_room, kennysheep_little_box,
          serial_shops, shop
D:6:      layout_gridville, mainiacjoe_overflow_divided_tiny
D:7:      layout_basic, general_overflow_altar, lemuel_doored_altar,
          minmay_fountain_box
D:8:      layout_cave_pools, lemuel_round_altar, lemuel_crystal_altar,
          slow_altar_1, serial_shops, shop, enter_bailey_2,
          kennysheep_generic_room_10
D:9:      kennysheep_spiral_hall, layout_cave_pools, zin_scriptorium,
          lair_entry_dummy, uniq_pikel
D:10:     layout_stronghold, mainiacjoe_overflow_six_doors_small, tso_metal_star
D:11:     layout_loops_corners, erik_orc_3, serial_shops, shop, shop,
          minmay_misc_feat_pillars, chequers_big_river, uniq_sonja
Temple:   ebering_the_one_and_only

Skill      XL: |  1  2  3  4  5  6  7  8  9 10 |
---------------+-------------------------------+-----
Spellcasting   | 5 6 7 8 10 12 14 | 14.0
Armour         | 1 2 3 4 |  4.2
Fighting       | 1 2 3 |  3.7
Conjurations   | 2 3 4 5 7 8 |  8.1
Dodging        | 3 |  3.2
Stealth        | 3 |  3.3
Fire Magic     | 1 3 4 6 7 |  7.3
Poison Magic   | 1 |  1.0
Evocations     | 1 |  1.0
Air Magic      | 1 |  1.1
Necromancy     | 1 |  1.1
Summonings     | |  1.1
Translocations | |  1.1

Action                     |  1- 3 |  4- 6 |  7- 9 | 10-12 || total
---------------------------+-------+-------+-------+-------++-------
  Melee: Dagger            |     1 |       |       |       ||     1
         Spear             |     7 |    40 |   161 |    12 ||   220
         Quarterstaff      |       |    16 |       |    13 ||    29
         Punch             |       |       |     2 |       ||     2
   Cast: Magic Dart        |    98 |    97 |    34 |       ||   229
         Blink             |     1 |     1 |     4 |     1 ||     7
         Call Imp          |       |     3 |     2 |       ||     5
         Mephitic Cloud    |       |     6 |    31 |    14 ||    51
         Foxfire           |       |       |   169 |   106 ||   275
   Stab: Sleeping          |     1 |       |       |       ||     1
         Distracted        |       |     1 |       |       ||     1
         Confused          |       |     3 |    16 |     4 ||    23
 Armour: Robe              |     7 |       |       |       ||     7
         Leather armour    |       |    43 |    99 |    27 ||   169
  Dodge: Dodged            |     9 |    33 |    93 |    27 ||   162

Table legend: (Time is in decaauts)
 A = Elapsed time spent in this place.
 B = Non-inter-level travel time spent in this place.
 C = Inter-level travel time spent in this place.
 D = Time resting spent in this place.
 E = Time spent auto-exploring this place.
 F = Levels seen in this place.
 G = Mean time per level.
                   A        B        C        D        E       F      G
               +--------+--------+--------+--------+--------+-----+--------+
         Total |  11137 |  10731 |    406 |    357 |   8783 |  13 |  856.7 |
       Dungeon |  10187 |   9781 |    406 |    274 |   8171 |  11 |  926.1 |
        Temple |      1 |      1 |      0 |      0 |      0 |   1 |    1.0 |
        Bailey |    947 |    947 |      0 |     83 |    611 |   1 |  947.0 |
               +--------+--------+--------+--------+--------+-----+--------+

Top non-repeatable levels by time:
     D:9: 1341 daAuts
     D:1: 1257 daAuts
     D:3: 1210 daAuts
     D:6: 1202 daAuts
     D:5: 1125 daAuts
     D:4: 965 daAuts
  Bailey: 947 daAuts
    D:10: 859 daAuts
     D:8: 838 daAuts
     D:7: 716 daAuts
     D:2: 650 daAuts
    D:11: 19 daAuts
  Temple: 1 daAuts
